 Dungeon Crawl Stone Soup version 0.22-a0-406-g9ff8d77 (webtiles) character file.

61864 4thArraOfDagon the Arsonist (level 14, -4/85 HPs)
             Began as a Mummy Fire Elementalist on May 8, 2018.
             Was an Elder of Sif Muna.
             Slain by a long sword of holy wrath (11 damage)
             ... on level 2 of the Elven Halls.
             The game lasted 00:56:30 (14213 turns).

4thArraOfDagon the Arsonist (MuFE)                 Turns: 14213, Time: 00:56:30

Health: -4/85      AC:  9    Str: 12    XL:     14   Next: 62%
Magic:  26/39      EV: 12    Int: 21    God:    Sif Muna [****..]
Gold:   340        SH:  0    Dex: 16    Spells: 4/38 levels left

rFire    . . .     SeeInvis .   l - +7 hand axe "Xudawk" {drain, rPois rF+ Dex+4}
rCold    + . .     Gourm    .   (no shield)
rNeg     + + +     Faith    .   y - +2 leather armour "Xuitz" {rN+ Regen+ MP+9 Stlth-}
rPois    ∞         Spirit   .   K - +2 helmet
rElec    .         Reflect  .   J - scarf {cloud immunity}
rCorr    .         Harm     .   (no gloves)
MR       +....                  k - +0 pair of boots
Stlth    +.........             (no amulet)
HPRegen  0.64/turn              I - ring of wizardry
MPRegen  0.26/turn              F - +2 ring of intelligence

@: divine energy
A: no food or potions, fire vulnerability, cold resistance 1, negative energy
resistance 3, torment resistance, unbreathing, in touch with death 1
a: Stop Divine Energy, Channel Magic, Forget Spell, Renounce Religion


You were on level 2 of the Elven Halls.
You worshipped Sif Muna.
Sif Muna was greatly pleased with you.
You were not hungry.

You visited 4 branches of the dungeon, and saw 20 of its levels.

You collected 1981 gold pieces.
You spent 1641 gold pieces at shops.

Inventory:

Hand Weapons
 c - a +0 short sword of freezing
 l - the +7 hand axe "Xudawk" (weapon) {drain, rPois rF+ Dex+4}
   (You found it on level 5 of the Dungeon)

   A truly terrible weapon, it drains the life of those it strikes.
   It affects your dexterity (+4).
   It protects you from fire.
   It protects you from poison.
Missiles
 g - 7 javelins (quivered)
Armour
 b - a +1 cloak
 e - a +0 pair of gloves
 k - a +0 pair of boots (worn)
 r - a +2 hat
 u - a +0 pair of boots
 y - the +2 leather armour "Xuitz" (worn) {rN+ Regen+ MP+9 Stlth-}
   (You bought it in a shop on level 8 of the Dungeon)

   It protects you from negative energy.
   It affects your magic capacity (+9).
   It increases your rate of regeneration.
   It makes you less stealthy.
 z - a +0 robe of fire resistance
 E - a +1 pair of gloves
 H - the +0 pair of gloves of Loym {rC++ Int-3}
   (You bought it in a shop on level 2 of the Orcish Mines)

   It affects your intelligence (-3).
   It greatly protects you from cold.
 J - a scarf of cloud immunity (worn)
 K - a +2 helmet (worn)
Jewellery
 d - a +3 ring of evasion
 p - an uncursed ring of protection from fire
 C - an uncursed ring of ice
 F - a +2 ring of intelligence (right hand)
 I - a ring of wizardry (left hand)
 M - an uncursed amulet of regeneration
Wands
 a - a wand of acid (28)
 f - a wand of polymorph (32)
 n - a wand of paralysis (13)
 t - a wand of flame (32)
 x - a wand of digging (20)
 D - a wand of iceblast (6)
 L - a wand of random effects (35)
Scrolls
 h - a scroll of identify
 i - 3 scrolls of magic mapping
 j - 5 scrolls of remove curse
 m - 2 scrolls of enchant weapon
 o - 7 scrolls of teleportation
 q - 3 scrolls of fear
 s - 3 scrolls of fog
 v - 3 scrolls of enchant armour
 w - 3 scrolls of brand weapon
Miscellaneous
 B - a lamp of fire
 G - a fan of gales


   Skills:
 - Level 1.5 Dodging
 - Level 1.5 Stealth
 - Level 12.5 Spellcasting
 - Level 12.4 Conjurations
 - Level 12.6 Fire Magic
 * Level 4.8 Earth Magic
 - Level 9.3 Invocations


You had 4 spell levels left.
You knew the following spells:

 Your Spells              Type           Power        Failure   Level  Hunger
a - Flame Tongue          Conj/Fire      #####        1%          1    N/A
b - Conjure Flame         Conj/Fire      ######..     1%          3    N/A
c - Sticky Flame          Conj/Fire      ######..     1%          4    N/A
d - Fireball              Conj/Fire      ######....   1%          5    N/A
e - Fire Storm            Conj/Fire      ######....   100%        9    N/A
f - Bolt of Fire          Conj/Fire      ######....   2%          6    N/A
g - Iron Shot             Conj/Erth      #####.....   12%         6    N/A

Dungeon Overview and Level Annotations

Branches:
Dungeon (15/15)            Temple (1/1) D:5            Lair (0/6) D:9
    Orc (2/2) D:10            Elf (2/3) Orc:2        Depths (0/5) D:15
 Vaults: D:13-14

Altars:
Ashenzari
Dithmenos
Elyvilon
Fedhas
Gozag
Hepliaklqana
Kikubaaqudgha
Nemelex Xobeh
Qazlal
Ru
Sif Muna
Trog
Zin
The Shining One
Beogh

Shops:
D:8 [   D:11 *   D:13 *   Orc:1 (   Orc:2 [(*:   Elf:1 (


Innate Abilities, Weirdness & Mutations

You do not eat or drink.
Your flesh is vulnerable to fire.
You are immune to poison.
Your flesh is cold resistant. (rC+)
You are immune to negative energy. (rN+++)
You are immune to unholy pain and torment.
You can survive without breathing.
You are in touch with the powers of death.


Message History

The iron shot hits the dire flail of protection.
The dire flail of protection falls from the air.
Sif Muna accepts your kill. The long sword of holy wrath hits you.
You convulse.
The long sword of holy wrath hits you!
* * * LOW HITPOINT WARNING * * *
You convulse!
* * * LOW HITPOINT WARNING * * *
Unknown command.
Unknown command.
Casting: Iron Shot (slightly dangerous; 12% risk of failure)
Confirm with . or Enter, or press ? or * to list all spells.
Aiming: Iron Shot (slightly dangerous; 12% risk of failure)
Press: ? - help, Shift-Dir - straight line, f/p - long sword of holy wrath
Aim: a long sword of holy wrath (heavily damaged)
The iron shot misses the long sword of holy wrath.
The iron shot hits the deep elf mage.
The deep elf mage is severely wounded.
You feel less invigorated. The long sword of holy wrath hits you!
You die...

#####################
...........Y)e)(@...#
.#####.####)#######.#
.# #.# #)# #.# .# #.#
#.# #.# .# #.# #(#
#(# .# #.# #(# #.# .#
#.# *#.#*****#(# .#
#.# *...,,,,,.e#
)#####.###..#.****#.#


You could see a deep elf mage, an ice beast and a long sword of holy wrath.

Vanquished Creatures
  Saint Roka (Orc:2)
  A stone giant (Orc:2)
  An ogre mage (D:15)
  A hydra (D:14)
  A centaur warrior (D:14)
  11 two-headed ogres
  2 tengu warriors (D:14)
  A vampire mage (D:15)
  A death yak (D:8)
  2 dancing weapons
  An orc high priest (Orc:2)
  A deep elf knight (Elf:2)
  7 skeletal warriors
  4 unseen horrors
  4 orc knights
  A wizard (D:15)
  Pikel (D:4)
  2 deep elf archers (Elf:2)
  14 deep elf magi
  A necromancer (D:15)
  A stone giant zombie (D:15)
  2 orc sorcerers (Orc:2)
  A cyclops (D:13)
  6 ugly things (D:15)
  4 gargoyles
  A spriggan skeleton (D:15)
  A freezing wraith (D:14)
  7 trolls
  A hornet (D:14)
  A deep troll zombie (D:15)
  A slime creature (D:11)
  2 hippogriffs
  An ettin zombie (D:15)
  A dream sheep (shapeshifter) (Elf:1)
  3 shadows
  An air elemental (Elf:1)
  2 water elementals (D:15)
  33 yaks
  A wraith (D:14)
  4 vampire mosquitoes (D:13)
  Grum (D:9)
  3 hungry ghosts
  2 soldier ants
  4 wargs (D:10)
  An acid dragon (D:15)
  A water moccasin (D:8)
  2 porcupines (D:9)
  Duvessa (D:6)
  2 black bears (D:9)
  30 orc warriors
  6 sky beasts
  5 ice beasts
  A phantom (D:6)
  3 wolves (D:9)
  A necrophage (D:10)
  23 centaurs
  8 ogres
  A crocodile (D:15)
  A big kobold (D:9)
  9 bullfrogs
  2 wyvern zombies
  A gnoll sergeant (D:5)
  Dowan (D:6)
  An earth elemental (Elf:2)
  7 scorpions
  The ghost of TheNamelessOne the Ruffian, a weakling NaTm (D:3)
  16 killer bees
  4 wights (D:9)
  5 crimson imps
  2 quasits (D:6)
  A bullfrog skeleton (D:5)
  18 orc priests
  2 centaur skeletons
  2 gnoll shamans
  4 hounds
  7 jellies
  16 orc wizards
  2 iguanas
  9 worker ants
  3 hound skeletons
  2 worker ant zombies
  12 gnolls
  10 adders
  2 shadow imps
  5 oozes (D:11)
  An adder skeleton (D:5)
  A worm (D:3)
  4 dart slugs
  7 leopard geckos
  83 orcs
  8 bats
  5 giant cockroaches
  6 hobgoblins
  2 jackals (D:6)
  12 kobolds
  3 quokkas
  A ball python (D:3)
  2 frilled lizards
  12 goblins
  3 leopard gecko skeletons
  2 quokka zombies (D:5)
  4 rats
528 creatures vanquished.

Vanquished Creatures (others)
  A kobold (D:9)
  14 fungi (D:9)
  11 plants (D:9)
  6 withered plants (D:15)
32 creatures vanquished.

Grand Total: 560 creatures vanquished

Notes
Turn   | Place    | Note
-------+----------+-------------------------------------------
     0 | D:1      | 4thArraOfDagon the Mummy Fire Elementalist began the quest for the Orb.
     0 | D:1      | Reached XP level 1. HP: 13/13 MP: 4/4
   172 | D:1      | Reached skill level 1 in Conjurations
   217 | D:1      | Reached XP level 2. HP: 9/19 MP: 1/5
   389 | D:4      | Noticed a slave
   389 | D:4      | Noticed a slave
   390 | D:4      | Noticed a slave
   451 | D:4      | Reached XP level 3. HP: 18/24 MP: 1/7
   456 | D:4      | Learned a level 3 spell: Conjure Flame
   512 | D:4      | Noticed an ogre
   536 | D:4      | Killed an ogre
   536 | D:4      | Reached XP level 4. HP: 30/30 MP: 0/9
   549 | D:4      | Learned a level 4 spell: Sticky Flame
   578 | D:5      | Entered Level 5 of the Dungeon
   583 | D:5      | Reached XP level 5. HP: 33/35 MP: 1/10
   656 | D:5      | Noticed an ogre
   666 | D:5      | Killed an ogre
   778 | D:5      | Reached XP level 6. HP: 35/41 MP: 0/12
  1019 | D:5      | Got a crude hand axe
  1020 | D:5      | Identified the +7 hand axe "Xudawk" {drain, rPois rF+ Dex+4} (You found it on level 5 of the Dungeon)
  1078 | D:5      | Found a staircase to the Ecumenical Temple.
  1089 | Temple   | Entered the Ecumenical Temple
  1112 | Temple   | Became a worshipper of Sif Muna the Loreminder
  1113 | Temple   | ty
  1135 | D:5      | time to win
  1270 | D:3      | Learned a level 5 spell: Fireball
  1343 | D:3      | Found a shattered altar of Ashenzari.
  1407 | D:3      | Noticed TheNamelessOne's ghost (weakling NaTm)
  1454 | D:3      | Found a glowing silver altar of Zin.
  1623 | D:3      | Killed TheNamelessOne's ghost
  1632 | D:2      | rip bud
  1794 | D:1      | Reached XP level 7. HP: 46/46 MP: 13/13
  3152 | D:3      | Turgon: With this hat over your eyes you can't see anything!
  3152 | D:3      | Reached skill level 1 in Invocations
  3207 | D:3      | Turgon: You are blind!
  3246 | D:4      | Noticed Pikel
  3273 | D:4      | Killed Pikel
  3273 | D:4      | Reached * piety under Sif Muna
  3273 | D:4      | Reached skill level 5 in Spellcasting
  3273 | D:4      | Reached skill level 5 in Fire Magic
  3273 | D:4      | Reached XP level 8. HP: 45/52 MP: 1/16
  3772 | D:5      | Reached skill level 5 in Conjurations
  3988 | D:5      | Reached ** piety under Sif Muna
  4068 | D:6      | 4thArraOfDagon: I know I'm blind, I'm mashing like a madman :)
  4118 | D:6      | Found a stormy altar of Qazlal.
  4118 | D:6      | Found an opulent altar of Gozag.
  4119 | D:6      | Found a sparkling altar of Nemelex Xobeh.
  4161 | D:6      | Noticed Duvessa
  4172 | D:6      | Noticed Dowan
  4176 | D:6      | Killed Duvessa
  4180 | D:6      | Killed Dowan
  4217 | D:6      | Turgon: Wow, early twin killing
  4284 | D:6      | Reached XP level 9. HP: 50/57 MP: 5/18
  4325 | D:6      | Reached *** piety under Sif Muna
  4691 | D:6      | Found a shattered altar of Ashenzari.
  4927 | D:7      | Found a sacrificial altar of Ru.
  4960 | D:7      | Found a bloodstained altar of Trog.
  5337 | D:8      | 4thArraOfDagon: serial killer mummy
  5409 | D:8      | Found Wotod's Armour Boutique.
  5457 | D:8      | Noticed a death yak
  5464 | D:8      | Reached **** piety under Sif Muna
  5685 | D:8      | Reached XP level 10. HP: 63/63 MP: 9/21
  5692 | D:8      | Killed a death yak
  5789 | D:8      | Reached skill level 5 in Invocations
  6077 | D:8      | Noticed a gargoyle
  6089 | D:8      | Killed a gargoyle
  6543 | D:8      | Bought the +2 leather armour "Xuitz" {rN+ Regen+ MP+9 Stlth-} for 529 gold pieces
  6784 | D:9      | 4thArraOfDagon: https://www.youtube.com/watch?v=S7mia9UMG4Y
  6808 | D:9      | Noticed an unseen horror
  6811 | D:9      | Killed an unseen horror
  6811 | D:9      | Reached XP level 11. HP: 31/68 MP: 17/23
  6812 | D:9      | Reached ***** piety under Sif Muna
  6892 | D:9      | Identified Sif Muna's Volume of Unholy Rites and Earth (Sif Muna gifted it to you on level 9 of the Dungeon)
  6892 | D:9      | Received a gift from Sif Muna
  7210 | D:9      | Noticed Grum
  7219 | D:9      | Killed Grum
  7226 | D:9      | Noticed a two-headed ogre
  7312 | D:9      | Killed a two-headed ogre
  7551 | D:9      | Found a staircase to the Lair.
  7690 | D:10     | Entered Level 10 of the Dungeon
  7816 | D:10     | Noticed a two-headed ogre
  7835 | D:10     | Killed a two-headed ogre
  7959 | D:10     | Found a staircase to the Orcish Mines.
  8098 | D:10     | Noticed a two-headed ogre
  8104 | D:10     | Killed a two-headed ogre
  8340 | D:10     | Reached skill level 10 in Fire Magic
  8814 | D:11     | Found a shadowy altar of Dithmenos.
  9055 | D:11     | Found Cebusis's General Store.
  9070 | D:11     | Reached XP level 12. HP: 68/74 MP: 25/25
  9087 | D:11     | Bought a scroll of blinking for 105 gold pieces
  9117 | D:11     | Reached skill level 10 in Spellcasting
  9302 | D:11     | Reached skill level 10 in Conjurations
  9343 | D:11     | Identified Sif Muna's Incunabulum of Feathery Confrontation (Sif Muna gifted it to you on level 11 of the Dungeon)
  9343 | D:11     | Received a gift from Sif Muna
  9606 | D:12     | Found a sparkling altar of Nemelex Xobeh.
  9708 | D:12     | Learned a level 9 spell: Fire Storm
  9715 | D:12     | Learned a level 6 spell: Bolt of Fire
 10262 | D:13     | Found Sevur's Pet Rocks.
 10664 | D:14     | Noticed a tengu warrior
 10675 | D:14     | Noticed a tengu warrior
 10676 | D:14     | Noticed a centaur warrior
 10677 | D:14     | Killed a tengu warrior
 10693 | D:14     | Killed a tengu warrior
 10693 | D:14     | Killed a centaur warrior
 10700 | D:14     | Gained mutation: You are in touch with the powers of death. [Mummy growth]
 10700 | D:14     | Reached XP level 13. HP: 17/79 MP: 20/28
 10861 | D:14     | Identified Sif Muna's Catalogue of Earth (Sif Muna gifted it to you on level 14 of the Dungeon)
 10861 | D:14     | Received a gift from Sif Muna
 11396 | D:15     | Entered Level 15 of the Dungeon
 11556 | D:15     | Thaneod: llok like hell knight
 11878 | D:15     | Found a huge runed gate.
 11878 | D:15     | Found a huge runed gate.
 11878 | D:15     | Found a huge runed gate.
 11879 | D:15     | Found a huge runed gate.
 11880 | D:15     | Found a huge runed gate.
 11880 | D:15     | Found a huge runed gate.
 11881 | D:15     | Found a huge runed gate.
 11882 | D:15     | Found a huge runed gate.
 11883 | D:15     | Found a huge runed gate.
 11883 | D:15     | Found a huge runed gate.
 11883 | D:15     | Found a huge runed gate.
 11883 | D:15     | Found a huge runed gate.
 11885 | D:15     | Found a huge runed gate.
 11901 | D:15     | Found a staircase to the Depths.
 11940 | D:15     | Found a huge runed gate.
 11941 | D:15     | Found a huge runed gate.
 11949 | D:15     | Found a huge runed gate.
 11949 | D:15     | Found a huge runed gate.
 11949 | D:15     | Found a huge runed gate.
 11949 | D:15     | Found a huge runed gate.
 11949 | D:15     | Found a huge runed gate.
 11949 | D:15     | Found a huge runed gate.
 11949 | D:15     | Found a huge runed gate.
 11950 | D:15     | Found a huge runed gate.
 11951 | D:15     | Found a huge runed gate.
 11959 | D:15     | Found a huge runed gate.
 11959 | D:15     | Found a huge runed gate.
 11959 | D:15     | Found a huge runed gate.
 12122 | D:15     | Noticed a tengu reaver
 12122 | D:15     | Noticed a tengu reaver
 12122 | D:15     | Noticed a fire giant
 12122 | D:15     | Noticed a fire giant
 12122 | D:15     | Noticed a fire giant
 12122 | D:15     | Noticed an orc warlord
 12122 | D:15     | Noticed a tengu reaver
 12122 | D:15     | Noticed a vampire knight
 12122 | D:15     | Noticed a tengu reaver
 12124 | D:15     | Noticed an ettin
 12125 | D:15     | Noticed a sphinx
 12289 | Orc:1    | Entered Level 1 of the Orcish Mines
 12331 | Orc:1    | Reached XP level 14. HP: 85/85 MP: 18/30
 12425 | Orc:2    | Entered Level 2 of the Orcish Mines
 12425 | Orc:2    | Found a staircase to the Elven Halls.
 12581 | Orc:1    | Found Guveerec's Antique Weapon Shoppe.
 12915 | Orc:2    | Found a roughly hewn altar of Beogh.
 12915 | Orc:2    | Noticed Saint Roka
 12967 | Orc:2    | Killed Saint Roka
 13044 | Orc:2    | Found Cerap's Book Emporium.
 13067 | Orc:2    | Found Idex's Antique Weapon Emporium.
 13084 | Orc:2    | Found Dailyzor's Antique Armour Emporium.
 13095 | Orc:2    | Bought a pair of blackened gloves for 228 gold pieces
 13103 | Orc:2    | Found Oxkera's General Store.
 13111 | Orc:2    | Bought 2 scrolls of magic mapping for 77 gold pieces
 13111 | Orc:2    | Bought an uncursed ring of wizardry for 330 gold pieces
 13127 | Orc:2    | Bought a runed scarf for 192 gold pieces
 13127 | Orc:2    | Bought a shiny helmet for 180 gold pieces
 13157 | Orc:2    | Identified the cursed +0 pair of gloves of Loym {rC++ Int-3} (You bought it in a shop on level 2 of the Orcish Mines)
 13199 | Orc:2    | Learned a level 6 spell: Iron Shot
 13319 | Orc:2    | Found a roughly hewn altar of Beogh.
 13329 | Orc:2    | Noticed a stone giant
 13390 | Orc:2    | Killed a stone giant
 13572 | Elf:1    | Entered Level 1 of the Elven Halls
 13643 | Elf:1    | Found Wetet's Antique Weapon Boutique.
 13778 | Elf:1    | Reached skill level 1 in Earth Magic
 14154 | Elf:2    | Found an ancient bone altar of Kikubaaqudgha.
 14213 | Elf:2    | Slain by a long sword of holy wrath

Vault maps used:
D:1:      dpeg_arrival_rooms_c, bh_walls_and_bars
D:2:      grunt_ministairs_11
D:3:      zin_academy, lemuel_doored_altar, first_ration
D:4:      uniq_pikel
D:5:      minmay_temple_entry_glassed_door, lightli_minifort
D:6:      cheibrodos_fzero, gammafunk_temple_overflow_claw, lemuel_statue_altar,
          uniq_duvessa
D:7:      nicolae_ru_awakened_eye, lemuel_crystal_altar
D:8:      argonaut_augean_stables, serial_shops, shop, special_room
D:9:      grunt_lair_entry_orc_guard_hut, uniq_grum
D:10:     minmay_orc_entry_guard_dogs
D:11:     serial_shops, shop, hangedman_little_slice_of_home,
          nicolae_dithmenos_through_a_glass_darkly
D:12:     minmay_misc_feat_four_crosses, nemelex_xobeh_ov_fountains_minmay
D:13:     guppyfry_shop_earth
D:14:     erik_vaults_1
D:15:     gammafunk_depths_entry_grave, kennysheep_crisscross,
          minmay_misc_feat_x, minivault_4, door_vault
Temple:   regret_index_temple_waves
Orc:1:    serial_shops, nicolae_shop_overgrown_old_shop
Orc:2:    grunt_orc_cross, basic_altar
Elf:1:    serial_shops, nicolae_shop_stone, evilmike_minifort
Elf:2:    enter_trove_6, basic_altar, lightli_enter_wizlab_magi_temple

Skill      XL: |  1  2  3  4  5  6  7  8  9 10 11 12 13 14 |
---------------+-------------------------------------------+-----
Conjurations   | 1 2 3 4 5 7 8 9 11 12 | 12.4
Spellcasting   | 3 4 5 6 7 8 9 11 12 | 12.5
Fire Magic     | 3 4 5 6 7 8 10 11 12 | 12.6
Invocations    | 2 3 4 5 6 7 9 |  9.3
Earth Magic    | 4 |  4.8
Dodging        | |  1.5
Stealth        | |  1.5

Action                   |  1- 3 |  4- 6 |  7- 9 | 10-12 | 13-15 || total
-------------------------+-------+-------+-------+-------+-------++-------
Melee: Short sword       |     7 |    17 |       |       |       ||    24
       Unarmed           |     4 |       |       |       |       ||     4
       Hand axe          |       |    46 |   177 |   253 |    73 ||   549
Throw: Javelin           |     2 |     3 |       |       |       ||     5
 Cast: Flame Tongue      |    23 |    15 |    18 |    60 |     2 ||   118
       Conjure Flame     |     1 |     5 |    12 |    40 |    10 ||    68
       Sticky Flame      |       |     3 |    21 |    62 |    31 ||   117
       Fireball          |       |       |     6 |    42 |    90 ||   138
       Bolt of Fire      |       |       |       |    25 |    89 ||   114
       Iron Shot         |       |       |       |       |    16 ||    16
Invok: Divine Energy     |       |       |     1 |       |       ||     1
       Channel Magic     |       |       |     2 |    13 |    28 ||    43
Evoke: Wand              |       |       |    14 |     7 |     1 ||    22
  Use: Scroll            |       |       |     5 |     3 |    13 ||    21
 Stab: Sleeping          |     1 |     1 |     6 |     1 |       ||     9
       Paralysed         |       |       |     2 |    10 |       ||    12
Armor: Robe              |     2 |    13 |    67 |     7 |       ||    89
       Leather armour    |       |       |       |    89 |    55 ||   144
Dodge: Dodged            |    15 |    45 |   217 |   242 |   116 ||   635

Table legend:
 A = Spawn XP
 B = Non-spawn XP
 C = Spawn XP percentage of total XP
 D = Spawn monster count
 E = Non-spawn monster count
 F = Spawn count percentage of total count
 G = Total turns spent on level
                    A         B        C        D         E        F      G
               +---------+---------+-------+---------+---------+-------+---------
         Total |       0 |   88378 |   0.0 |       0 |     528 |   0.0 | 14213
               +---------+---------+-------+---------+---------+-------+---------
           D:1 |       0 |      44 |   0.0 |       0 |      23 |   0.0 |   989
           D:2 |       0 |      45 |   0.0 |       0 |      18 |   0.0 |   682
           D:3 |       0 |     260 |   0.0 |       0 |      31 |   0.0 |   757
           D:4 |       0 |     984 |   0.0 |       0 |      10 |   0.0 |   742
           D:5 |       0 |     726 |   0.0 |       0 |      24 |   0.0 |   847
           D:6 |       0 |    1449 |   0.0 |       0 |      25 |   0.0 |   751
           D:7 |       0 |     247 |   0.0 |       0 |       7 |   0.0 |   500
           D:8 |       0 |    5998 |   0.0 |       0 |      73 |   0.0 |  1400
           D:9 |       0 |    5557 |   0.0 |       0 |      44 |   0.0 |   977
          D:10 |       0 |    4979 |   0.0 |       0 |      23 |   0.0 |  1016
          D:11 |       0 |    4301 |   0.0 |       0 |      48 |   0.0 |   897
          D:12 |       0 |    4579 |   0.0 |       0 |      17 |   0.0 |   602
          D:13 |       0 |    5411 |   0.0 |       0 |      26 |   0.0 |   484
          D:14 |       0 |    9395 |   0.0 |       0 |      40 |   0.0 |   854
          D:15 |       0 |   20043 |   0.0 |       0 |      39 |   0.0 |   746
         Orc:1 |       0 |    1095 |   0.0 |       0 |      10 |   0.0 |   340
         Orc:2 |       0 |   13349 |   0.0 |       0 |      52 |   0.0 |   943
         Elf:1 |       0 |    2408 |   0.0 |       0 |       5 |   0.0 |   537
         Elf:2 |       0 |    7508 |   0.0 |       0 |      13 |   0.0 |   104
               +---------+---------+-------+---------+---------+-------+---------
